 Dungeon Crawl Stone Soup version 0.27-a0-242-ge0fc76b88b (webtiles) character file.

Game seed: 3847055365127786211

242 tilp the Covert (level 6, -1/53 HPs)
             Began as a Gnoll Delver on Feb 2, 2021.
             Slain by a river rat (3 damage)
             ... summoned by Eustachio
             ... in the Ecumenical Temple.
             The game lasted 00:05:52 (2143 turns).

tilp the Covert (Gnoll Delver)                      Turns: 2143, Time: 00:05:53

Health: -1/53      AC:  9    Str: 12    XL:     6   Next: 9%
Magic:  8/8        EV:  6    Int: 11    God:
Gold:   46         SH:  4    Dex: 13    Spells: 8/8 levels left

rFire    . . .     SeeInvis .   a - +0 mace
rCold    . . .     Faith    .   o - +0 buckler
rNeg     . . .     Spirit   .   h - +0 chain mail
rPois    .         Reflect  .   (no helmet)
rElec    .         Harm     .   d - +0 cloak
rCorr    .         Rampage  .   (no gloves)
Will     .....                  (no boots)
Stlth    +.........             (no amulet)
HPRegen  0.17/turn              (no ring)
MPRegen  0.11/turn              (no ring)

@: no status effects
A: distributed training, fangs 1, strong nose
a: no special abilities


You were in the Ecumenical Temple.
You visited 2 branches of the dungeon, and saw 3 of its levels.
You also visited: Sewer.

You collected 46 gold pieces.

Inventory:

Hand Weapons
 a - a +0 mace (weapon)
Missiles
 f - 48 stones (quivered)
 p - 19 bolts
Armour
 b - a +0 leather armour
 d - a +0 cloak (worn)
 h - a +0 chain mail (worn)
 l - a +3 leather armour
 o - a +0 buckler (worn)
Jewellery
 n - a +4 ring of evasion {unknown}
Wands
 g - a wand of digging (2)
 k - a wand of flame (7)
Scrolls
 c - a scroll of fog
 e - a scroll of remove curse {unknown}
 i - a scroll of amnesia {unknown}
 j - a scroll of blinking {unknown}
 m - a scroll of teleportation {unknown}


   Skills:
 + Level 6.8 Fighting
 + Level 1.8 Short Blades
 + Level 1.8 Long Blades
 + Level 1.8 Axes
 + Level 4.9 Maces & Flails
 + Level 1.8 Polearms
 + Level 1.8 Staves
 + Level 1.8 Slings
 + Level 1.8 Bows
 + Level 1.8 Crossbows
 + Level 1.8 Throwing
 + Level 1.8 Armour
 + Level 4.9 Dodging
 + Level 9.7 Stealth
 + Level 1.8 Shields
 + Level 1.8 Unarmed Combat
 + Level 1.8 Spellcasting
 + Level 1.4 Conjurations
 + Level 1.4 Hexes
 + Level 1.4 Summonings
 + Level 1.4 Necromancy
 + Level 1.4 Translocations
 + Level 1.4 Transmutations
 + Level 1.4 Fire Magic
 + Level 1.4 Ice Magic
 + Level 1.4 Air Magic
 + Level 1.4 Earth Magic
 + Level 1.4 Poison Magic
 + Level 2.0 Invocations
 + Level 1.8 Evocations


You had 8 spell levels left.
You didn't know any spells.
Your spell library contained the following spells:

 Spells                   Type           Power        Failure   Level
 Sandblast                Erth           8%           100%        1
 Passwall                 Tmut/Erth      3%           100%        2
 Stone Arrow              Conj/Erth      8%           100%        3
 Petrify                  Tmut/Erth      4%           100%        4
 Lee's Rapid Deconstruct  Erth           2%           100%        5


Dungeon Overview and Level Annotations

Branches:
Dungeon (5/15)             Temple (1/1) D:4           Sewer (visited)

Altars:
Vehumet

Annotations:
D:5 Dowan, Duvessa
Temple Eustachio


Innate Abilities, Weirdness & Mutations

Your experience applies equally to all skills.
You have very sharp teeth.
Your uncanny sense of smell can sniff out nearby items.


Message History

* * * LOW HITPOINT WARNING * * *
The white imp freezes you.
* * * LOW HITPOINT WARNING * * *
You closely miss Eustachio.
Eustachio is severely wounded.
You block the bat's attack. Eustachio hits you but does no damage.
The river rat bites you but does no damage.
The rat bites you but does no damage. x2
The white imp hits you but does no damage.
Unknown command.
Aiming: Throw Flame
Press: ? - help, Shift-Dir - straight line, f - rat
Aim: a rat (summoned, 29% to evade)
The puff of flame hits the rat!
You kill the rat!
The rat's corpse disappears in a puff of smoke!
The bat hits you but does no damage.
Eustachio screams, "Hey, you killed my favourite bat!"
Eustachio hits you but does no damage. The river rat bites you.
You die...

#####
#+...##
#...ยง.#
#.b@r.#
#.r5@.#
#+...##
#####


You could see Eustachio, a river rat (summoned), a white imp (summoned), a bat
(summoned) and a rat (summoned).

Vanquished Creatures
  2 bullfrogs (Sewer)
  A worker ant (D:4)
  A gnoll (D:4)
  5 adders
  A dart slug (D:4)
  6 leopard geckos
  2 orcs (D:4)
  A ball python (Sewer)
  4 giant cockroaches
  10 frilled lizards (Sewer)
  A jackal skeleton (D:4)
34 creatures vanquished.

Notes
Turn   | Place    | Note
-------+----------+-------------------------------------------
     0 | D:5      | Reached skill level 9 in Stealth
     0 | D:5      | tilp the Gnoll Delver began the quest for the Orb.
     0 | D:5      | Reached XP level 1. HP: 23/23 MP: 1/1
     8 | D:5      | Noticed a jelly
    42 | D:5      | Noticed Dowan
    69 | D:5      | Found a glowing drain.
    90 | D:5      | Reached XP level 2. HP: 19/29 MP: 2/2
   314 | Sewer    | Entered a sewer
   335 | Sewer    | Reached XP level 3. HP: 35/35 MP: 3/3
   451 | Sewer    | Reached skill level 1 in Invocations
   664 | Sewer    | Reached skill level 1 in Short Blades
   664 | Sewer    | Reached skill level 1 in Long Blades
   664 | Sewer    | Reached skill level 1 in Axes
   664 | Sewer    | Reached skill level 1 in Polearms
   664 | Sewer    | Reached skill level 1 in Staves
   664 | Sewer    | Reached skill level 1 in Slings
   664 | Sewer    | Reached skill level 1 in Bows
   664 | Sewer    | Reached skill level 1 in Crossbows
   664 | Sewer    | Reached skill level 1 in Throwing
   664 | Sewer    | Reached skill level 1 in Armour
   664 | Sewer    | Reached skill level 1 in Shields
   664 | Sewer    | Reached skill level 1 in Unarmed Combat
   664 | Sewer    | Reached skill level 1 in Spellcasting
   664 | Sewer    | Reached skill level 1 in Evocations
   664 | Sewer    | Reached XP level 4. HP: 40/41 MP: 5/5
   944 | Sewer    | Noticed a bullfrog
   945 | Sewer    | Noticed a bullfrog
   978 | Sewer    | Killed a bullfrog
   979 | Sewer    | Reached skill level 1 in Conjurations
   979 | Sewer    | Reached skill level 1 in Hexes
   979 | Sewer    | Reached skill level 1 in Summonings
   979 | Sewer    | Reached skill level 1 in Necromancy
   979 | Sewer    | Reached skill level 1 in Translocations
   979 | Sewer    | Reached skill level 1 in Transmutations
   979 | Sewer    | Reached skill level 1 in Fire Magic
   979 | Sewer    | Reached skill level 1 in Ice Magic
   979 | Sewer    | Reached skill level 1 in Air Magic
   979 | Sewer    | Reached skill level 1 in Earth Magic
   979 | Sewer    | Reached skill level 1 in Poison Magic
   979 | Sewer    | Reached XP level 5. HP: 19/47 MP: 5/7
  1568 | D:5      | Noticed Duvessa
  1573 | D:4      | Found a radiant altar of Vehumet.
  1676 | D:4      | Reached XP level 6. HP: 43/53 MP: 8/8
  1893 | D:4      | Found a staircase to the Ecumenical Temple.
  1897 | D:4      | Noticed Eustachio
  1902 | Temple   | Entered the Ecumenical Temple
  2141 | Temple   | HP: 2/53 [white imp[Eustachio] (4)]
  2143 | Temple   | Slain by a river rat

Illustrated notes

Levels and vault maps discovered:
D:4:      layout_rooms, fiery_altar_vehumet, minmay_temple_entry_mist,
          minmay_misc_feat_pillars, uniq_eustachio
D:5:      layout_cave_pools, serial_shops, kennysheep_mini_moat,
          gup_sewer_entry_bubbles, minmay_liquid_box, uniq_menkaure,
          uniq_duvessa
Temple:   nicolae_temple_figure_eight

Skill      XL: |  1  2  3  4  5 |
---------------+----------------+-----
Stealth        | |  9.7
Invocations    | 1 2 |  2.0
Short Blades   | 1 |  1.8
Long Blades    | 1 |  1.8
Axes           | 1 |  1.8
Polearms       | 1 |  1.8
Staves         | 1 |  1.8
Slings         | 1 |  1.8
Bows           | 1 |  1.8
Crossbows      | 1 |  1.8
Throwing       | 1 |  1.8
Armour         | 1 |  1.8
Shields        | 1 |  1.8
Unarmed Combat | 1 |  1.8
Spellcasting   | 1 |  1.8
Evocations     | 1 |  1.8
Conjurations   | 1 |  1.4
Hexes          | 1 |  1.4
Summonings     | 1 |  1.4
Necromancy     | 1 |  1.4
Translocations | 1 |  1.4
Transmutations | 1 |  1.4
Fire Magic     | 1 |  1.4
Ice Magic      | 1 |  1.4
Air Magic      | 1 |  1.4
Earth Magic    | 1 |  1.4
Poison Magic   | 1 |  1.4
Fighting       | |  6.8
Maces & Flails | |  4.9
Dodging        | |  4.9

Action                   |  1- 3 |  4- 6 || total
-------------------------+-------+-------++-------
Melee: Mace              |    96 |    95 ||   191
       Bite              |     6 |     8 ||    14
Throw: Stone             |       |     5 ||     5
Evoke: Wand              |     1 |     3 ||     4
  Use: Scroll            |     1 |     1 ||     2
       Potion            |       |     1 ||     1
 Stab: Sleeping          |     1 |       ||     1
Armor: Chain mail        |   108 |   105 ||   213
Dodge: Dodged            |    43 |    45 ||    88
Block: Buckler           |       |    14 ||    14

Table legend: (Time is in decaauts)
 A = Elapsed time spent in this place.
 B = Non-inter-level travel time spent in this place.
 C = Inter-level travel time spent in this place.
 D = Time resting spent in this place.
 E = Time spent auto-exploring this place.
 F = Levels seen in this place.
 G = Mean time per level.
                   A        B        C        D        E       F      G
               +--------+--------+--------+--------+--------+-----+--------+
         Total |   2295 |   2288 |      7 |   1089 |    375 |   4 |  573.8 |
       Dungeon |    685 |    678 |      7 |    247 |      0 |   2 |  342.5 |
        Temple |    242 |    242 |      0 |    210 |      0 |   1 |  242.0 |
         Sewer |   1367 |   1367 |      0 |    632 |    375 |   1 | 1367.0 |
               +--------+--------+--------+--------+--------+-----+--------+

Top non-repeatable levels by time:
   Sewer: 1367 daAuts
     D:4: 344 daAuts
     D:5: 341 daAuts
  Temple: 242 daAuts
